 Dungeon Crawl Stone Soup version 0.30-a0-360-g447f08457e (webtiles) character file.

Game seed: 13356603142062323562

9370 Armakuni the Destroyer (level 11, -7/79 HPs)
             Began as a Yellow Draconian Conjurer on Oct 23, 2022.
             Was a Follower of Sif Muna.
             Mangled by a freezing wraith (11 damage)
             ... in an ice cave on Nov 13, 2022.
             The game lasted 00:30:59 (11708 turns).

Armakuni the Destroyer (Yellow Draconian Conjurer) Turns: 11708, Time: 00:30:59

Health: -7/79      AC:  9    Str:  9    XL:     11   Next: 22%
Magic:  10/25      EV: 16    Int: 24    God:    Sif Muna [*.....]
Gold:   2829       SH:  0    Dex:  9    Spells: 20/30 levels left

rFire   . . .      SeeInvis .    a - +1 dagger (elec)
rCold   . . .      Faith    .    (no shield)
rNeg    . . .      Spirit   .    (body armour unavailable)
rPois   .          Reflect  .    (helmet restricted)
rElec   .          Harm     .    (no cloak)
rCorr   +          Rampage  .    D - +0 pair of gloves
Will    .....                    f - +0 pair of boots
Stlth   ++........               (no amulet)
HPRegen 0.33/turn                E - +4 ring of evasion
MPRegen 0.19/turn                (no ring)

@: short of breath, slowed, very slow
A: spit acid, AC +7, unfitting armour, cold-blooded, acid resistance
a: Breathe Acid, Renounce Religion, Channel Magic


You were in an ice cave.
You worshipped Sif Muna.
Sif Muna was aware of your devotion.
You visited 3 branches of the dungeon, and saw 12 of its levels.
You also visited: Sewer and Ice Cave.

You collected 2959 gold pieces.
You spent 130 gold pieces at shops.

Inventory:

Hand Weapons
 a - a +1 dagger of electrocution (weapon)
Missiles
 b - 16 javelins
 w - a curare-tipped dart
 H - 2 throwing nets
Armour
 f - a +0 pair of boots (worn)
 D - a +0 pair of gloves (worn)
Magical Staves
 o - a staff of fire
Jewellery
 E - a +4 ring of evasion (left hand)
 F - a ring of flight
 G - an amulet of guardian spirit
Wands
 m - a wand of mindburst (16)
 p - a wand of polymorph (19)
 v - a wand of flame (25)
 I - a wand of iceblast (6)
 J - a wand of charming (3)
Scrolls
 g - 6 scrolls of amnesia
 j - 5 scrolls of fear
 k - 3 scrolls of poison
 l - 2 scrolls of enchant armour
 n - 7 scrolls of teleportation
 r - a scroll of brand weapon
 u - 3 scrolls of butterflies
 x - 2 scrolls of identify
 y - 2 scrolls of silence
 z - 2 scrolls of noise
 A - 3 scrolls of vulnerability
 B - 5 scrolls of blinking
Potions
 c - a potion of ambrosia
 d - 4 potions of lignification
 e - 4 potions of might
 h - 3 potions of magic
 i - 6 potions of curing
 q - a potion of heal wounds
 s - 2 potions of haste
 t - 4 potions of resistance {unknown}


   Skills:
 - Level 2.0 Fighting
 - Level 2.6 Dodging
 - Level 1.7 Stealth
 - Level 10.0 Spellcasting
 - Level 12.5 Conjurations
 - Level 2.0 Hexes
 - Level 2.0 Translocations
 + Level 4.6 Invocations
 - Level 4.0 Evocations


You had 20 spell levels left.
You knew the following spells:

 Your Spells              Type           Power      Damage    Failure   Level
m - Iskenderun's Mystic   Conj/Tloc      46%        2d10      2%          4
p - Fulminant Prism       Conj/Hex       23%        3d12      2%          4
z - Searing Ray           Conj           100%       2d8       1%          2

Your spell library contained the following spells:

 Spells                   Type           Power      Damage    Failure   Level
 Magic Dart               Conj           100%       1d8       1%          1
 Dazzling Flash           Conj/Hex       92%        N/A       1%          3
 Summon Small Mammal      Summ           48%        N/A       5%          1
 Ensorcelled Hibernation  Hex/Ice        32%        N/A       5%          2
 Gell's Gravitas          Tloc           21%        N/A       7%          3
 Cigotuvi's Dreadful Rot  Necr/Pois/Air  24%        N/A       8%          2
 Inner Flame              Hex/Fire       16%        N/A       11%         3
 Summon Guardian Golem    Hex/Summ       16%        N/A       11%         3
 Kindle Blastsparks       Fire/Tloc/Air  30%        2d12      12%         3
 Call Canine Familiar     Summ           12%        N/A       16%         3
 Anguish                  Hex/Necr       8%         N/A       34%         4
 Metabolic Englaciation   Hex/Ice        8%         N/A       67%         5


Dungeon Overview and Level Annotations

Branches:
Dungeon (10/15)            Temple (1/1) D:4            Lair (1/5) D:10
  Sewer (visited)           IceCv (1/1)
    Orc: D:9-12

Altars:
Ashenzari
Cheibriados
Dithmenos
Elyvilon
Fedhas
Gozag
Hepliaklqana
Kikubaaqudgha
Makhleb
Nemelex Xobeh
Okawaru
Qazlal
Ru
Sif Muna
Trog
Uskayaw
Vehumet
Wu Jian
Xom
Yredelemnul
Zin
The Shining One

Shops:
D:4 *   D:7 !


Innate Abilities, Weirdness & Mutations

You can spit globs of acid.
Your golden yellow scales are hard. (AC +7)
You cannot fit into any form of body armour.
You are cold-blooded and may be slowed by cold attacks.
You are resistant to acid. (rCorr)


Message History

The freezing wraith is lightly damaged.
The searing ray hits the ice devil.
The ice devil is severely wounded.
Your fulminant prism explodes!
The blast of energy engulfs the ice devil!
You kill the ice devil!
Sif Muna accepts your kill.
The blast of energy engulfs the freezing wraith!
The freezing wraith is heavily damaged.
The freezing wraith misses you. The freezing wraith barely misses you.
The searing ray hits the freezing wraith but does no damage.
The freezing wraith is heavily damaged.
The freezing wraith misses you. The freezing wraith barely misses you.
The searing ray hits the freezing wraith.
The freezing wraith is heavily damaged.
You finish channelling your searing ray.
The freezing wraith hits you. The freezing wraith freezes you!
You feel yourself slow down. The freezing wraith barely misses you.
A freezing wraith comes into view.
Okay, then.
Press: ? - help, Shift-Dir - straight line, f - freezing wraith
Aim: a freezing wraith (heavily damaged, 64% to hit)
You spit a glob of acid.
The glob of acid misses the freezing wraith.
The freezing wraith hits you. The freezing wraith freezes you!
The freezing wraith hits you! The freezing wraith drains your vigour!
You feel as though you will be slow longer.
Aiming: Charm
Press: ? - help, Shift-Dir - straight line, f/p - freezing wraith
Aim: a freezing wraith (heavily damaged, chance to affect: 41%)
The freezing wraith resists with some effort.
The freezing wraith hits you. The freezing wraith freezes you!!
You feel as though you will be slow longer.
* * * LOW HITPOINT WARNING * * *
The freezing wraith hits you.
* * * LOW HITPOINT WARNING * * *
The freezing wraith drains your vigour!
You feel as though you will be slow longer.
The freezing wraith hits you!
You die...

####.....##
# #......#
##....##
##...# ###
##..## ##.##
##..# ##...#
#..####....#
#...#...#..#
##.....##.@#
##...###W##
######..#
#..## #W..
#...# #...#
#...# #..#


You could see 2 freezing wraiths.

Vanquished Creatures
  Pikel (D:5)
  A rime drake (D:10)
  An ice devil (IceCv)
  Grinder (D:5)
  2 shadows (D:10)
  10 yaks (D:9)
  A vampire (D:5)
  A wyvern (Lair:1)
  A basilisk (Lair:1)
  Eustachio (D:6)
  A steam dragon (D:8)
  Menkaure (D:5)
  A death yak simulacrum (IceCv)
  4 water moccasins
  3 orc warriors
  2 black bears (D:6)
  5 ice beasts
  2 sky beasts
  3 wolves
  3 ogres
  A centaur (D:10)
  A phantom (D:6)
  3 lemures (D:5)
  3 kobold brigands
  A scorpion (D:6)
  6 bullfrogs
  A necrophage (D:5)
  A two-headed ogre simulacrum (IceCv)
  5 wights (D:8)
  11 killer bees (D:10)
  3 elephant simulacra (IceCv)
  2 howler monkeys
  2 jellies
  A gnoll bouda (D:7)
  A hound (D:5)
  4 orc priests
  2 iguanas (D:5)
  14 orc wizards
  Natasha (thrice) (D:4)
  A polar bear simulacrum (IceCv)
  A troll simulacrum (IceCv)
  A spriggan simulacrum (IceCv)
  2 wolf simulacra (IceCv)
  Robin (D:3)
  9 adders
  3 gnolls (D:7)
  4 river rats (Sewer)
  3 shadow imps
  A white imp (IceCv)
  An ufetubus (D:7)
  5 worms
  4 dart slugs
  23 orcs
  7 endoplasms
  7 giant cockroaches
  17 goblins
  8 hobgoblins
  11 jackals
  4 quokkas
  7 ball pythons
  6 bats
  6 frilled lizards
  15 kobolds
  6 rats
263 creatures vanquished.

Vanquished Creatures (collateral kills)
  Joseph (Lair:1)
  Sigmund (D:3)
  An elephant simulacrum (IceCv)
  A naga simulacrum (IceCv)
4 creatures vanquished.

Vanquished Creatures (others)
  A cane toad simulacrum (IceCv)
  5 fulminant prisms
  10 plants
16 creatures vanquished.

Grand Total: 283 creatures vanquished

Notes
Turn   | Place    | Note
-------+----------+-------------------------------------------
     0 | D:1      | Armakuni the Draconian Conjurer began the quest for the
                  | Orb.
     0 | D:1      | Reached XP level 1. HP: 14/14 MP: 3/3
    79 | D:1      | Reached XP level 2. HP: 20/20 MP: 0/5
   130 | D:1      | Learned a level 2 spell: Searing Ray
   648 | D:1      | Identified a scroll of acquirement
   648 | D:1      | Acquired 1020 gold pieces
   694 | D:1      | Reached skill level 5 in Conjurations
   694 | D:1      | Reached XP level 3. HP: 22/26 MP: 1/6
   828 | D:1      | Acquired 1045 gold pieces
  1539 | D:2      | Found a bloodstained altar of Trog.
  1657 | D:2      | You fall into a shaft and drop 2 floors!
  1748 | D:4      | Noticed Natasha
  1755 | D:4      | Killed Natasha
  1756 | D:4      | Reached XP level 4. HP: 29/33 MP: 3/7
  1818 | D:3      | Noticed Sigmund
  1827 | D:3      | Killed Sigmund
  1828 | D:3      | Reached skill level 7 in Conjurations
  1828 | D:3      | Reached XP level 5. HP: 38/38 MP: 8/8
  1943 | D:3      | Learned a level 4 spell: Fulminant Prism
  2640 | D:3      | Found a sparkling altar of Nemelex Xobeh.
  2778 | D:3      | Reached XP level 6. HP: 45/45 MP: 2/9
  2778 | D:3      | Upgraded the game from 0.30-a0-305-g026cb31310 to
                  | 0.30-a0-310-g7d6cbdfea6
  3103 | D:3      | Noticed Robin
  3104 | D:3      | Found a basalt altar of Yredelemnul.
  3118 | D:3      | Killed Robin
  3465 | D:4      | Noticed Natasha
  3469 | D:4      | Killed Natasha
  3585 | D:4      | Found Coxoeq's General Store.
  3592 | D:4      | Bought a scroll of teleportation for 30 gold pieces
  3592 | D:4      | Bought a scroll of teleportation for 30 gold pieces
  3592 | D:4      | Bought a scroll of poison for 40 gold pieces
  3592 | D:4      | Bought a potion of lignification for 30 gold pieces
  3611 | D:4      | Noticed Natasha
  3616 | D:4      | Killed Natasha
  3678 | D:4      | Found a staircase to the Ecumenical Temple.
  3713 | Temple   | Entered the Ecumenical Temple
  4194 | D:5      | Entered Level 5 of the Dungeon
  4195 | D:5      | Found a glowing drain.
  4331 | Sewer    | Entered a sewer
  4446 | Sewer    | Learned a level 4 spell: Iskenderun's Mystic Blast
  4753 | Sewer    | Your scales start taking on a golden yellow colour.
  4753 | Sewer    | Reached XP level 7. HP: 50/50 MP: 8/12
  4753 | Sewer    | Gained mutation: You are resistant to acid. (rCorr) [Yellow
                  | Draconian growth]
  5324 | D:5      | Found a blossoming altar of Fedhas.
  5387 | D:5      | Reached skill level 5 in Spellcasting
  5389 | D:5      | Found a hide-covered altar of Uskayaw.
  5396 | D:5      | Reached skill level 8 in Conjurations
  5731 | D:5      | Noticed Grinder
  5739 | D:5      | Killed Grinder
  5740 | D:5      | Reached skill level 9 in Conjurations
  5740 | D:5      | Reached XP level 8. HP: 30/57 MP: 10/15
  5855 | D:5      | Found an ornate altar of the Wu Jian Council.
  5855 | D:5      | Found an iron altar of Okawaru.
  5951 | D:5      | Reached skill level 10 in Conjurations
  6061 | D:5      | Noticed Pikel
  6073 | D:5      | Killed Pikel
  6274 | D:5      | Noticed Menkaure
  6279 | D:5      | Killed Menkaure
  6280 | D:5      | Reached XP level 9. HP: 35/67 MP: 11/17
  6542 | D:6      | Got the Quarto of Enchantment
  6676 | D:6      | Noticed Eustachio
  6740 | D:6      | Killed Eustachio
  8120 | D:7      | Found Zifing's Distillery.
  8417 | D:8      | Reached XP level 10. HP: 73/73 MP: 16/22
  9068 | D:9      | Reached skill level 10 in Spellcasting
  9355 | D:9      | Got the Book of Dimensional Gloom
  9648 | D:9      | Found a white marble altar of Elyvilon.
  9700 | D:9      | Reached skill level 11 in Conjurations
  9897 | D:10     | Entered Level 10 of the Dungeon
  9908 | D:10     | Found a staircase to the Lair.
 10257 | D:10     | Reached skill level 12 in Conjurations
 10525 | D:10     | Found a stormy altar of Qazlal.
 10536 | D:10     | Found a shimmering blue altar of Sif Muna.
 10540 | D:10     | Became a worshipper of Sif Muna the Loreminder
 10652 | D:10     | Found a radiant altar of Vehumet.
 10665 | D:10     | Found a hazy altar of Hepliaklqana.
 10856 | D:10     | Reached XP level 11. HP: 66/79 MP: 16/25
 11108 | Lair:1   | Entered Level 1 of the Lair of Beasts
 11109 | Lair:1   | Upgraded the game from 0.30-a0-310-g7d6cbdfea6 to
                  | 0.30-a0-335-ge5acde7520
 11112 | Lair:1   | Noticed Joseph
 11165 | Lair:1   | Killed Joseph
 11348 | Lair:1   | Found a frozen archway.
 11357 | IceCv    | Entered an ice cave
 11487 | IceCv    | Reached * piety under Sif Muna
 11698 | IceCv    | Upgraded the game from 0.30-a0-335-ge5acde7520 to
                  | 0.30-a0-360-g447f08457e
 11708 | IceCv    | Mangled by a freezing wraith

Illustrated notes

Levels and vault maps discovered:
D:1:      ncdulo_smallfort, layout_rooms, hangedman_decor_points,
          minmay_pentomino_s2
D:2:      layout_loops_ring, basic_altar, minmay_bisected
D:3:      layout_loops_ring, nemelex_diamond_rough_becter,
          yredelemnul_altar_generic, uniq_robin, uniq_crazy_yiuf_cottage,
          uniq_sigmund
D:4:      layout_basic, minmay_temple_entry_ruins, serial_shops,
          nicolae_square_shop, uniq_natasha
D:5:      layout_basic, fedhas_altar_2, mainiacjoe_overflow_chevrons,
          gammafunk_temple_overflow_statue, gup_sewer_entry_glass,
          kennysheep_big_empty_room, uniq_grinder, uniq_pikel, uniq_menkaure
D:6:      layout_rooms, uniq_eustachio
D:7:      layout_gridville, kennysheep_nondescript,
          corexii_item_surrounded_by_moat, nicolae_sextant, minivault_23,
          nicolae_take_the_stairs, chequers_serial_rivers_micro_d
D:8:      layout_loops_cross
D:9:      layout_big_octagon, nicolae_elyvilon_peaceful_grove
D:10:     layout_cave_pools, nicolae_overflow_quartered_altars,
          hellmonk_lair_entry_icy
Temple:   nicolae_temple_ecumenical_triangle
Lair:1:   layout_long_grid, portal_ice_cave_entry_pillars_1, grunt_megastairs_4,
          lemuel_fruit_fields, uniq_joseph
IceCv:    ice_cave_small_necro

Skill      XL: |  1  2  3  4  5  6  7  8  9 10 11 |
---------------+----------------------------------+-----
Conjurations   | 5 7 9 10 12 | 12.5
Spellcasting   | 3 5 8 10 | 10.0
Hexes          | 2 |  2.0
Translocations | 2 |  2.0
Evocations     | 2 4 |  4.0
Fighting       | 2 |  2.0
Dodging        | 2 |  2.6
Invocations    | 4 |  4.6
Stealth        | |  1.7

Action                   |  1- 3 |  4- 6 |  7- 9 | 10-12 || total
-------------------------+-------+-------+-------+-------++-------
Melee: Unarmed           |    27 |       |       |       ||    27
       Tailslap          |     8 |     7 |     5 |     3 ||    23
       Dagger            |    19 |    49 |    43 |    33 ||   144
Throw: Javelin           |     2 |       |       |       ||     2
 Cast: Magic Dart        |     9 |       |       |       ||     9
       Searing Ray       |    22 |    34 |    50 |    37 ||   143
       Iskenderun's Myst |       |       |     4 |    18 ||    22
       Fulminant Prism   |       |       |       |     5 ||     5
 Abil: Breathe Acid      |       |       |    20 |     9 ||    29
Evoke: Wand              |       |       |       |    18 ||    18
  Use: Scroll            |     7 |     5 |     2 |     5 ||    19
       Potion            |       |       |     2 |       ||     2
 Stab: Sleeping          |       |     3 |       |       ||     3
Armor: Skin              |    23 |    16 |    29 |    38 ||   106
Dodge: Dodged            |    50 |    54 |    79 |   119 ||   302

Table legend: (Time is in decaauts)
 A = Elapsed time spent in this place.
 B = Non-inter-level travel time spent in this place.
 C = Inter-level travel time spent in this place.
 D = Time resting spent in this place.
 E = Time spent auto-exploring this place.
 F = Levels seen in this place.
 G = Mean time per level.
                   A        B        C        D        E       F      G
               +--------+--------+--------+--------+--------+-----+--------+
         Total |  11850 |  11257 |    593 |   2127 |   6969 |  14 |  846.4 |
       Dungeon |  10161 |   9568 |    593 |   1760 |   6073 |  10 | 1016.1 |
        Temple |    112 |    112 |      0 |      0 |     89 |   1 |  112.0 |
          Lair |    217 |    217 |      0 |     52 |      0 |   1 |  217.0 |
         Sewer |   1005 |   1005 |      0 |     77 |    760 |   1 | 1005.0 |
      Ice Cave |    353 |    353 |      0 |    238 |     47 |   1 |  353.0 |
               +--------+--------+--------+--------+--------+-----+--------+

Top non-repeatable levels by time:
     D:1: 1238 daAuts
     D:5: 1231 daAuts
     D:3: 1206 daAuts
     D:7: 1169 daAuts
   Sewer: 1005 daAuts
     D:4: 981 daAuts
    D:10: 933 daAuts
     D:2: 930 daAuts
     D:9: 899 daAuts
     D:6: 816 daAuts
     D:8: 755 daAuts
   IceCv: 353 daAuts
  Lair:1: 217 daAuts
  Temple: 112 daAuts
